 Dungeon Crawl Stone Soup version 0.28.0-53-g5a82cb258f (webtiles) character file.

Game seed: 15897129478916370907

2221 Brotato the Gusty (level 9, -3/72 HPs)
             Began as a Purple Draconian Air Elementalist on June 3, 2022.
             Slain by Harold
             ... wielding a +0 long sword
              (17 damage)
             ... on level 6 of the Dungeon.
             The game lasted 00:49:11 (10083 turns).

Brotato the Gusty (DrAE)                           Turns: 10083, Time: 00:49:12

Health: -3/72      AC:  9    Str: 11    XL:     9   Next: 13%
Magic:  1/16       EV: 12    Int: 23    God:
Gold:   183        SH:  6    Dex: 12    Spells: 12/18 levels left

rFire   . . .      SeeInvis .     - Unarmed
rCold   . . .      Faith    .   t - +2 buckler
rNeg    + + +      Spirit   .   (armour unavailable)
rPois   +          Reflect  .   (helmet restricted)
rElec   .          Harm     .   z - +1 cloak of Follow the Leader {rPois rN++ Int+4}
rCorr   .          Rampage  .   (no gloves)
Will    +....                   (no boots)
Stlth   +++.......              (no amulet)
HPRegen 0.22/turn               s - ring of positive energy
MPRegen 0.15/turn               (no ring)

@: sluggish, marked, very slow
A: breathe power, AC +7, unfitting armour, cold-blooded
a: Breathe Dispelling Energy


You were on level 6 of the Dungeon.
You visited 2 branches of the dungeon, and saw 8 of its levels.

You collected 495 gold pieces.
You spent 312 gold pieces at shops.

Inventory:

Missiles
 v - 4 javelins
Armour
 t - a +2 buckler (worn)
 z - the +1 cloak of Follow the Leader (worn) {rPois rN++ Int+4}
   (You bought it in a shop on level 5 of the Dungeon)

   Int:       It affects your intelligence (+4).
   rPois:     It protects you from poison.
   rN:        It greatly protects you from negative energy.
Jewellery
 s - a ring of positive energy (left hand)
Wands
 r - a wand of polymorph (3)
 y - a wand of paralysis (5)
Scrolls
 b - a scroll of teleportation {unknown}
 c - 3 scrolls of blinking {unknown}
 f - a scroll of noise {unknown}
 g - a scroll of vulnerability {unknown}
 h - 3 scrolls of identify {unknown}
 i - a scroll of fear
 j - a scroll of immolation {unknown}
 m - a scroll of silence {unknown}
 o - a scroll of fog {unknown}
 u - a scroll of brand weapon {unknown}
Potions
 a - 5 potions of curing
 d - a potion of ambrosia {unknown}
 e - 2 potions of degeneration {unknown}
 k - a potion of cancellation {unknown}
 l - a potion of flight {unknown}
 n - a potion of brilliance {unknown}
 p - a potion of heal wounds {unknown}
 q - a potion of invisibility {unknown}
 w - a potion of attraction {unknown}
 x - 2 potions of mutation {unknown}


   Skills:
 + Level 4.4 Fighting
 + Level 4.2 Dodging
 + Level 4.7 Stealth
 + Level 3.4 Shields
 + Level 4.0 Unarmed Combat
 + Level 5.1 Spellcasting
 * Level 4.3 Conjurations
 * Level 5.3 Air Magic


You had 12 spell levels left.
You knew the following spells:

 Your Spells              Type           Power      Damage    Failure   Level
a - Shock                 Conj/Air       100%       1d9       1%          1
b - Static Discharge      Conj/Air       28%        N/A       2%          2
c - Swiftness             Air            30%        N/A       4%          3

Your spell library contained the following spells:

 Spells                   Type           Power      Damage    Failure   Level
 Animate Skeleton         Necr           10%        N/A       12%         1
 Pain                     Necr           20%        1d5       12%         1
 Airstrike                Air            15%        N/A       13%         4
 Vampiric Draining        Necr           5%         2d6       36%         3


Dungeon Overview and Level Annotations

Branches:
Dungeon (7/15)             Temple (1/1) D:4

Altars:
Ashenzari
Cheibriados
Dithmenos
Elyvilon
Fedhas
Hepliaklqana
Kikubaaqudgha
Makhleb
Nemelex Xobeh
Qazlal
Ru
Sif Muna
Trog
Wu Jian
Xom
Zin
The Shining One

Shops:
D:1 (   D:2 [   D:3 (*   D:4 *   D:5 *

Portals:
Abyss: D:3

Annotations:
D:3 2 transporters, 1 runed translucent door, Crazy Yiuf; Sigmund; THEBESTLOSER's ghost, weakling DsFE
D:6 3 runed translucent doors, Harold; Zeld's ghost, novice GrCj; issech's ghost, novice MiMo


Innate Abilities, Weirdness & Mutations

You can breathe bolts of dispelling energy.
Your rich purple scales are hard. (AC +7)
You cannot fit into any form of body armour.
You are cold-blooded and may be slowed by cold attacks.


Message History

Casting: Static Discharge (safe; 2% risk of failure)
Confirm with . or Enter, or press ? or * to list all spells.
Harold is struck by an arc of lightning!
Harold is almost dead.
You are struck by an arc of lightning.
The lightning grounds out.
Harold hits you with a +0 long sword!
Aiming: Paralyse
Press: ? - help, Q - select action, (/) - cycle Shift-Dir - straight line, f - Harold
Aim: Harold, wielding a +0 long sword, wearing a +0 scale mail and quivering a throwing net (almost dead, chance to affect: 17%) Harold resists with almost no effort.
Harold hits you with a +0 long sword!
You closely miss Harold.
Harold is almost dead.
Harold hits you with a +0 long sword!
* * * LOW HITPOINT WARNING * * *
You feel better. Harold hits you with a +0 long sword.
* * * LOW HITPOINT WARNING * * *
You closely miss Harold.
Harold is almost dead.
You block Harold's attack.
You hit Harold but do no damage.
Harold is almost dead.
You feel sluggish. Harold hits you with a +0 long sword.
* * * LOW HITPOINT WARNING * * *
You hit Harold but do no damage. You tail-slap Harold, but do no damage.
Harold is almost dead.
Harold barely misses you.
You hit Harold but do no damage.
Harold is almost dead.
Harold shouts, "Can you die now?
I had plans for the rest of the day!"
Harold misses you.
You hit Harold but do no damage.
Harold is almost dead.
Harold hits you with a +0 long sword.
* * * LOW HITPOINT WARNING * * *
You barely miss Harold.
Harold is almost dead.
Harold hits you with a +0 long sword!
You die...

###......................#
............##.####+####.#
......#.######.'.......+.#
......#.# ###.#...#.#.#
#.....#.# #.#._.#.#.#
#.....#.########.#...#.#.#
#.....#.#......'.......'.#
#####.#.#......####'######
# #.#.#......)@[..# #
###.#.#......@[).## #
#...#.#...........# #
#.###.#...........# # #.#
#.#.........#######
###'###'#####.##.#......#
............#.#..#.####.#
............#.#.##.# #.#
............#.#....# #.#


You could see Harold.

Vanquished Creatures
  4 yaks
  A steam dragon (D:6)
  An orc warrior (D:6)
  2 ice beasts (D:5)
  A necrophage (D:7)
  2 ogres
  A phantom (D:6)
  A bullfrog (D:6)
  A scorpion (D:6)
  A water moccasin zombie (D:5)
  3 wights (D:6)
  A howler monkey (D:5)
  A centaur zombie (D:6)
  A bullfrog zombie (D:3)
  2 jellies (D:6)
  2 centaur skeletons
  4 orc priests
  A hound (D:5)
  An iguana (D:6)
  An orc wizard (D:6)
  2 hound skeletons
  A howler monkey zombie (D:3)
  4 adders
  A gnoll (D:1)
  A howler monkey skeleton (D:6)
  2 shadow imps (D:5)
  2 worms
  3 dart slugs
  14 orcs
  7 endoplasms
  2 giant cockroaches (D:1)
  2 goblins
  A hobgoblin (D:1)
  11 jackals
  8 quokkas
  6 ball pythons
  3 bats (D:1)
  3 frilled lizards
  9 kobolds
  6 rats
120 creatures vanquished.

Notes
Turn   | Place    | Note
-------+----------+-------------------------------------------
     0 | D:1      | Brotato the Draconian Air Elementalist began the quest for
                  | the Orb.
     0 | D:1      | Reached XP level 1. HP: 14/14 MP: 3/3
     9 | D:1      | Noticed a bullfrog
   421 | D:1      | Reached XP level 2. HP: 22/22 MP: 1/5
   882 | D:1      | Reached XP level 3. HP: 27/27 MP: 2/6
  1206 | D:1      | Found Tumevini's Antique Weapon Shop.
  1807 | D:1      | Learned a level 2 spell: Static Discharge
  2075 | D:2      | Reached skill level 1 in Fighting
  2075 | D:2      | Reached skill level 1 in Unarmed Combat
  2182 | D:2      | Found Sedgh's Antique Armour Emporium.
  2190 | D:2      | Bought a cloak for 103 gold pieces
  2322 | D:2      | Reached XP level 4. HP: 35/35 MP: 2/7
  2870 | D:3      | Found Byuru's General Store.
  2876 | D:3      | Bought a scroll of fear for 38 gold pieces
  3115 | D:3      | Noticed Sigmund
  3130 | D:4      | Found a staircase to the Ecumenical Temple.
  3244 | D:3      | Found a faded altar of an unknown god.
  3358 | D:3      | Found a transporter.
  3362 | D:3      | Found a one-way gate to the infinite horrors of the Abyss.
  3362 | D:3      | Noticed THEBESTLOSER's ghost (weakling DsFE)
  3368 | D:3      | Noticed a small abomination
  3388 | D:3      | Found a transporter.
  3486 | D:3      | Found a runed translucent door.
  3487 | D:3      | Noticed Crazy Yiuf
  3871 | D:3      | Found Heifunit's Weapon Emporium.
  3873 | D:3      | Reached XP level 5. HP: 12/40 MP: 2/8
  4308 | Temple   | Entered the Ecumenical Temple
  4572 | D:4      | Found a sacrificial altar of Ru.
  4588 | D:4      | Found Dularur's Fire Supplies.
  5022 | D:4      | Noticed an ogre
  5236 | D:4      | Killed an ogre
  5237 | D:4      | Reached XP level 6. HP: 29/48 MP: 0/10
  5363 | D:5      | Entered Level 5 of the Dungeon
  5363 | D:5      | Noticed an ice beast
  5513 | D:5      | Noticed an ice beast
  5634 | D:5      | Killed an ice beast
  5635 | D:5      | Reached skill level 1 in Shields
  5903 | D:5      | Found Ypeeph's Assorted Antiques.
  6109 | D:5      | Bought a slimy cloak for 171 gold pieces
  6109 | D:5      | Identified the +1 cloak of Follow the Leader {rPois rN++
                  | Int+4} (You bought it in a shop on level 5 of the Dungeon)
  6340 | D:5      | Noticed a yak
  6340 | D:5      | Noticed a yak
  6502 | D:5      | Killed an ice beast
  6503 | D:5      | Your scales start taking on a rich purple colour.
  6503 | D:5      | Reached XP level 7. HP: 37/56 MP: 0/12
  7138 | D:5      | Noticed a yak
  7184 | D:5      | Killed a yak
  7302 | D:5      | Noticed a yak
  7344 | D:4      | Killed a yak
  7631 | D:4      | Killed a yak
  7632 | D:4      | Reached XP level 8. HP: 51/63 MP: 4/14
  8473 | D:6      | Found an ornate altar of the Wu Jian Council.
  8602 | D:6      | Reached skill level 5 in Air Magic
  9217 | D:6      | Reached skill level 5 in Spellcasting
  9444 | D:6      | Found a runed translucent gate.
  9445 | D:6      | Found a runed translucent gate.
  9446 | D:6      | Found a runed translucent gate.
  9449 | D:6      | Noticed Zeld's ghost (novice GrCj)
  9449 | D:6      | Noticed issech's ghost (novice MiMo)
  9526 | D:7      | Noticed Harold
  9592 | D:6      | Reached XP level 9. HP: 66/71 MP: 9/16
  9640 | D:6      | Learned a level 3 spell: Swiftness
 10083 | D:6      | Slain by Harold

Illustrated notes

Levels and vault maps discovered:
D:1:      evilmike_arrival_come_back, layout_basic, serial_shops, shop_coins,
          minmay_misc_feat_encased, chequers_serial_rivers_large_a
D:2:      layout_basic, serial_shops, shop, minmay_tromino_v2
D:3:      layout_rooms, serial_shops, nicolae_shop_crystal, shop,
          hellmonk_ecumenical_altar_crossroads, gammafunk_ghost_abyssal_escape,
          nrook_mini_backslash, minmay_quadrilaterals, uniq_sigmund,
          uniq_crazy_yiuf_cottage
D:4:      layout_rooms, nicolae_ru_sacrificial_ziggurat,
          minmay_temple_entry_statues_pillars, nicolae_shop_fire_sale
          [nicolae_sub_dead_trees]
D:5:      kb_forest_paths, layout_basic, serial_shops,
          nicolae_inconvenience_store, nrook_campfire,
          nicolae_figureground_pulse
D:6:      layout_basic, mainiacjoe_overflow_six_doors_small,
          gammafunk_ghost_cemetery
D:7:      layout_rooms, uniq_menkaure, uniq_harold
Temple:   regret_index_temple_generic_petals

Skill      XL: |  1  2  3  4  5  6  7  8  9 |
---------------+----------------------------+-----
Stealth        | 2 3 4 |  4.7
Dodging        | 2 3 4 |  4.2
Fighting       | 1 2 3 4 |  4.4
Unarmed Combat | 1 2 3 4 |  4.0
Conjurations   | 2 3 4 |  4.3
Shields        | 1 2 3 |  3.4
Spellcasting   | 3 4 5 |  5.1
Air Magic      | 4 5 |  5.3

Action                   |  1- 3 |  4- 6 |  7- 9 || total
-------------------------+-------+-------+-------++-------
Melee: Unarmed           |    32 |    15 |    33 ||    80
       Tailslap          |     5 |     2 |     6 ||    13
 Cast: Shock             |    79 |    77 |    86 ||   242
       Static Discharge  |     6 |    39 |    74 ||   119
       Swiftness         |       |       |     5 ||     5
 Abil: Breathe Dispellin |       |       |     1 ||     1
Evoke: Wand              |       |       |     1 ||     1
  Use: Scroll            |       |     1 |       ||     1
       Potion            |       |       |     1 ||     1
Armor: Skin              |    24 |    24 |    23 ||    71
Dodge: Dodged            |    40 |    51 |    49 ||   140
Block: Buckler           |       |     4 |    30 ||    34
